 Dungeon Crawl Stone Soup version 0.21-a0-405-gf2af9a1 (webtiles) character file.

53 Atlas the Insei (level 3, -5/26 HPs)
             Began as a Demonspawn Transmuter on Nov 1, 2017.
             Slain by Ijyb
             ... wielding a +0 club
              (6 damage)
             ... on level 3 of the Dungeon.
             The game lasted 00:02:01 (1762 turns).

Atlas the Insei (Demonspawn Transmuter)             Turns: 1762, Time: 00:02:02

Health: -5/26      AC:  2    Str: 12 (15) XL:     3   Next: 62%
Magic:  15/15      EV: 11    Int: 13 (14) God:
Gold:   95         SH:  0    Dex: 13 (14) Spells: 6/7 levels left

rFire    . . .     SeeInvis .     - Unarmed
rCold    . . .     Gourm    .   (no shield)
rNeg     . . .     Faith    .   b - +0 robe
rPois    .         Spirit   .   (no helmet)
rElec    .         Reflect  .   (no cloak)
rCorr    .         Harm     .   (no gloves)
MR       .....                  (no boots)
Stlth    +.........             (no amulet)
HPRegen  0.08/turn              n - ring of magical power
MPRegen  0.14/turn              (no ring)

@: mighty, heavily drained
A: claws 2
a: no special abilities


You were on level 3 of the Dungeon.
You were not hungry.

You visited 1 branch of the dungeon, and saw 3 of its levels.

You collected 95 gold pieces.

Inventory:

Missiles
 a - 12 arrows
Armour
 b - a +0 robe (worn)
Jewellery
 n - a ring of magical power (left claw)
Scrolls
 g - 2 scrolls of teleportation {unknown}
 j - a scroll of blinking {unknown}
 k - a scroll of identify {unknown}
 l - a scroll of magic mapping {unknown}
 p - a scroll of enchant weapon {unknown}
Potions
 i - a potion of degeneration
Books
 c - a book of Changes

   Spells                             Type                      Level
   a - Beastly Appendage              Transmutation                1
   b - Sticks to Snakes               Transmutation                2
   c - Spider Form                    Transmutation/Poison         3
   d - Ice Form                       Ice/Transmutation            4
   e - Blade Hands                    Transmutation                5
Comestibles
 d - a bread ration
 f - 3 chunks of flesh
 m - a meat ration
 o - a royal jelly


   Skills:
 + Level 1.1(0.0) Fighting
 + Level 2.1(0.5) Dodging
 + Level 0.2(0.0) Stealth
 + Level 3.3(1.6) Unarmed Combat
 + Level 2.6(0.9) Spellcasting
 + Level 2.1(0.5) Transmutations


You had 6 spell levels left.
You knew the following spells:

 Your Spells              Type           Power        Failure   Level  Hunger
a - Beastly Appendage     Tmut           #.....       22%         1    ##.....


Dungeon Overview and Level Annotations

Branches:
Dungeon (3/15)

Altars:
Gozag
Makhleb

Annotations:
D:3 Ijyb


Innate Abilities, Weirdness & Mutations

You have very sharp fingernails.


Message History

Ijyb is moderately wounded.
Ijyb hits you but does no damage.
You closely miss Ijyb.
Ijyb is moderately wounded.
Ijyb hits you with a club.
* * * LOW HITPOINT WARNING * * *
Ijyb hits you with a club.
* * * LOW HITPOINT WARNING * * *
Unknown command.
You closely miss Ijyb.
Ijyb is moderately wounded.
Ijyb completely misses you.
You scratch Ijyb.
Ijyb is heavily wounded.
Ijyb hits you with a club.
* * * LOW HITPOINT WARNING * * *
You scratch Ijyb.
Ijyb is severely wounded.
Ijyb hits you but does no damage. Ijyb hits you with a club.
You die...

##########
#........#
#.#......# #
#>##.###.# .##
#.##.###.# ...##
#........#..<..#
#####....@g....#
#.......#.###.##
#.##....#...
#........####
#........##
#...........
#..<....###.
#..####### #..#


You could see Ijyb (berserk).

Vanquished Creatures
  2 adders (D:2)
  A worm (D:2)
  A dart slug (D:2)
  A leopard gecko (D:1)
  A giant cockroach (D:1)
  5 goblins
  6 hobgoblins
  A kobold (D:2)
  A quokka (D:2)
  5 bats
  2 frilled lizards (D:2)
  3 rats
29 creatures vanquished.

Notes
Turn   | Place    | Note
-------+----------+-------------------------------------------
     0 | D:1      | Atlas the Demonspawn Transmuter began the quest for the Orb.
     0 | D:1      | Reached XP level 1. HP: 15/15 MP: 3/3
   202 | D:1      | Reached skill level 3 in Unarmed Combat
   254 | D:1      | Gained mutation: You have sharp fingernails. [demonic ancestry]
   254 | D:1      | Reached XP level 2. HP: 14/21 MP: 3/5
   732 | D:2      | Found a faded altar of an unknown god.
   780 | D:2      | HP: 1/21 [bat (1)]
   944 | D:2      | Gained mutation: You have very sharp fingernails. [demonic ancestry]
   944 | D:2      | Reached XP level 3. HP: 25/26 MP: 4/6
  1446 | D:2      | Found an opulent altar of Gozag.
  1446 | D:2      | Found a burning altar of Makhleb.
  1745 | D:3      | Noticed Ijyb
  1761 | D:3      | HP: 1/26 [Ijyb/club (4)]
  1762 | D:3      | Slain by Ijyb

Vault maps used:
D:1:      minmay_arrival_diagonal_passages
D:2:      grunt_temple_overflow_open, chequers_ecumenical_altar_island
D:3:      gammafunk_temple_overflow_elements, first_bread, serial_bayou_lake_a,
          uniq_natasha, uniq_jessica, uniq_ijyb

Skill      XL: |  1  2 |
---------------+-------+-----
Unarmed Combat | 3 |  3.3
Dodging        | 2 |  2.1
Transmutations | 2 |  2.1
Fighting       | |  1.1
Stealth        | |  0.2
Spellcasting   | |  2.6

Action                   || total
-------------------------++-------
Melee: Unarmed           ||   117
       Kick              ||     9
       Punch             ||     2
       Headbutt          ||     1
 Cast: Beastly Appendage ||    17
  Use: Potion            ||     4
 Stab: Sleeping          ||     2
  Eat: Chunk             ||     3
Armor: Robe              ||    36
Dodge: Dodged            ||    86

Table legend:
 A = Spawn XP
 B = Non-spawn XP
 C = Spawn XP percentage of total XP
 D = Spawn monster count
 E = Non-spawn monster count
 F = Spawn count percentage of total count
 G = Total turns spent on level
                    A         B        C        D         E        F      G
               +---------+---------+-------+---------+---------+-------+---------
         Total |       0 |      76 |   0.0 |       0 |      29 |   0.0 |  1762
               +---------+---------+-------+---------+---------+-------+---------
           D:1 |       0 |      17 |   0.0 |       0 |       9 |   0.0 |   714
           D:2 |       0 |      56 |   0.0 |       0 |      18 |   0.0 |  1000
           D:3 |       0 |       3 |   0.0 |       0 |       2 |   0.0 |    48
               +---------+---------+-------+---------+---------+-------+---------
